 Dungeon Crawl Stone Soup version 0.31-a0-986-g5e6e4ef867 (webtiles) character file.

Game seed: 303972223521895618

214 Demosthentine the Poker (level 5, -4/41 HPs)
             Began as a Demonspawn Gladiator on Nov 16, 2023.
             Slain by an orc warrior
             ... wielding a +0 halberd
              (10 damage)
             ... on level 4 of the Dungeon.
             The game lasted 00:02:54 (2836 turns).

Demosthentine the Poker (Demonspawn Gladiator)      Turns: 2836, Time: 00:02:55

Health: -4/41      AC:  5    Str: 16    XL:     5   Next: 60%
Magic:  14/14      EV: 13    Int: 10    God:
Gold:   219        SH:  0    Dex: 14    Spells: 4/4 levels left

rFire   + . .        a - +0 trident
rCold   + . .        (no shield)
rNeg    . . .        b - +0 leather armour
rPois   +            c - +1 helmet
rElec   .            m - scarf {rC+ rF+}
rCorr   .            (no gloves)
SInv    .            (no boots)
Will    .....        (no amulet)
Stlth   +            g - ring of magical power
HPRegen 0.26/turn    j - ring of poison resistance
MPRegen 0.14/turn

%: no passive effects
@: no status effects
A: foul stench 1, powered by death 1
a: no special abilities


You were on level 4 of the Dungeon.
You visited 1 branch of the dungeon, and saw 4 of its levels.

You collected 219 gold pieces.

Inventory:

Hand Weapons
 a - a +0 trident (weapon)
Missiles
 d - 3 throwing nets (quivered)
 e - a javelin
Armour
 b - a +0 leather armour (worn)
 c - a +1 helmet (worn)
 m - a scarf of resistance (worn)
Jewellery
 g - a ring of magical power (left hand)
 j - a ring of poison resistance (right hand)
Scrolls
 i - 2 scrolls of fog
 o - a scroll of teleportation
 p - a scroll of poison
Potions
 f - 2 potions of might
 h - 2 potions of enlightenment {unknown}
 k - a potion of attraction
 l - 2 potions of haste {unknown}
 n - 2 potions of heal wounds {unknown}
 q - a potion of lignification {unknown}


   Skills:
 + Level 3.3 Fighting
 + Level 3.7 Polearms
 - Level 1.7 Throwing
 + Level 2.2 Armour
 + Level 3.6 Dodging


You had 4 spell levels left.
You didn't know any spells.
Your spell library contained the following spells:

 Spells                   Type           Power      Damage    Failure   Level
 Frozen Ramparts          Ice            0%         1d1       80%         3
 Petrify                  Tmut/Erth      0%         N/A       99%         4
 Metabolic Englaciation   Hex/Ice        0%         N/A       100%        5


Dungeon Overview and Level Annotations

Branches:
Dungeon (4/15)
 Temple: D:4-7

Altars:
Dithmenos
Fedhas


Innate Abilities, Weirdness & Mutations

You may rarely emit foul miasma when damaged in melee.
You regenerate a little health from kills.


Message History

The orc warrior hits you from afar with a +0 halberd!
There are monsters nearby!
You reach to attack!
You hit the orc warrior but do no damage.
The orc warrior throws a boomerang.
The boomerang barely misses you.
There are monsters nearby!
You reach to attack!
You barely miss the orc warrior.
The orc warrior throws a boomerang.
The boomerang hits you! The orc warrior barely misses you.
There are monsters nearby!
Unknown command.
There is an open door here.
The hobgoblin attacks as it pursues you!
The hobgoblin barely misses you.
You hit the hobgoblin.
The hobgoblin is lightly wounded.
The hobgoblin barely misses you. The orc warrior closely misses you.
You barely miss the hobgoblin.
The hobgoblin is lightly wounded.
The hobgoblin hits you. The orc warrior misses you.
You barely miss the hobgoblin. The hobgoblin misses you.
The orc warrior closely misses you.
You barely miss the hobgoblin. The hobgoblin barely misses you.
The orc warrior misses you.
You hit the hobgoblin.
The hobgoblin is heavily wounded.
The hobgoblin barely misses you.
The orc warrior hits you from afar with a +0 halberd!
* * * LOW HITPOINT WARNING * * *
You barely miss the hobgoblin.
The hobgoblin is heavily wounded.
The hobgoblin hits you but does no damage.
The orc warrior hits you from afar with a +0 halberd.
* * * LOW HITPOINT WARNING * * *
You hit the hobgoblin.
The hobgoblin is almost dead.
The hobgoblin hits you.
* * * LOW HITPOINT WARNING * * *
The orc warrior hits you from afar with a +0 halberd!
You die...

########### ...# #.. ...# ##.
##### #..# ###. ....# ##..#
#... ....# #...# ### #... ....#
...#####.# #... ....# ###
####..#...#.# #... ....#
#..##..#..#.#.#.###... #####
+....@go..#.......#...
##8..8##..#.....# #...
##..######...#.# #.## #).#
#......###... #.†#
#.........#..
#..#####............
#..#......#.#.......
#############'#.#.######.......
###...............#.# #.......


You could see an orc warrior and a hobgoblin.

Vanquished Creatures
  Jessica (D:2)
  A sleepcap (D:4)
  Robin (D:3)
  3 adders
  9 orcs
  15 endoplasms
  4 giant cockroaches
  15 goblins
  6 hobgoblins
  13 jackals
  4 quokkas
  8 ball pythons
  6 bats
  2 frilled lizards
  8 kobolds
  6 rats
102 creatures vanquished.

Notes
Turn   | Place    | Note
-------+----------+-------------------------------------------
     0 | D:1      | Demosthentine the Demonspawn Gladiator began the quest for
                  | the Orb.
     0 | D:1      | Reached XP level 1. HP: 16/16 MP: 1/1
   101 | D:1      | Gained mutation: You may rarely emit foul miasma when
                  | damaged in melee. [demonic ancestry]
   101 | D:1      | Reached XP level 2. HP: 13/22 MP: 2/2
   428 | D:1      | Reached skill level 1 in Armour
   439 | D:1      | Gained mutation: You regenerate a little health from kills.
                  | [demonic ancestry]
   439 | D:1      | Reached XP level 3. HP: 19/28 MP: 3/3
  1132 | D:2      | You fall into a shaft and drop 1 floor!
  1277 | D:2      | Noticed Jessica
  1281 | D:2      | Killed Jessica
  1282 | D:2      | Reached XP level 4. HP: 34/34 MP: 4/4
  1745 | D:3      | Found a blossoming altar of Fedhas.
  1816 | D:3      | Reached XP level 5. HP: 34/41 MP: 5/5
  1848 | D:3      | Noticed Robin
  1888 | D:3      | Killed Robin
  2764 | D:4      | Found a shadowy altar of Dithmenos.
  2822 | D:4      | Noticed an orc warrior
  2836 | D:4      | Slain by an orc warrior

Illustrated notes

Levels and vault maps discovered:
D:1:      psy_arrival_basics, layout_basic, minmay_crystal_water,
          minmay_pentomino_o4
D:2:      layout_loops_cross, uniq_jessica
D:3:      kennysheep_big_flooded_room, layout_loops_cross,
          fedhas_ov_isle_minmay, uniq_robin
D:4:      minmay_chambers_of_twos, layout_basic, nicolae_dithmenos_the_darkroom,
          kennysheep_flooded_box, nicolae_titane

Skill      XL: |  1  2  3  4  5 |
---------------+----------------+-----
Polearms       | 3 |  3.7
Dodging        | 3 |  3.6
Armour         | 1 2 |  2.2
Fighting       | 3 |  3.3
Throwing       | |  1.7

Action                     |  1- 3 |  4- 6 || total
---------------------------+-------+-------++-------
  Melee: Trident           |   183 |   154 ||   337
    Use: Scroll            |     4 |     3 ||     7
   Stab: Sleeping          |       |     3 ||     3
 Armour: Leather armour    |    97 |    90 ||   187
  Dodge: Dodged            |   101 |    90 ||   191

Table legend: (Time is in decaauts)
 A = Elapsed time spent in this place.
 B = Non-inter-level travel time spent in this place.
 C = Inter-level travel time spent in this place.
 D = Time resting spent in this place.
 E = Time spent auto-exploring this place.
 F = Levels seen in this place.
 G = Mean time per level.
                   A        B        C        D        E       F      G
               +--------+--------+--------+--------+--------+-----+--------+
         Total |   2882 |   2750 |    132 |     63 |   2025 |   4 |  720.5 |
       Dungeon |   2882 |   2750 |    132 |     63 |   2025 |   4 |  720.5 |
               +--------+--------+--------+--------+--------+-----+--------+

Top non-repeatable levels by time:
     D:3: 781 daAuts
     D:1: 764 daAuts
     D:2: 694 daAuts
     D:4: 641 daAuts
